Map: Orbital Shipyard

Players

LilDicky

  • Race: Terran Terran
  • League: Diamond

Spyre - Winner!

  • Race: Terran Terran
  • League: Diamond

VOD

http://www.twitch.tv/tumescentpie

Description

Time

  • Played on: Dec. 4, 2015, 10:39 a.m.
  • Length: 8:49
Show
View Real Time Build Order
Export as new Build Order

LilDicky Terran 

Build Orders: Mech 

Get SALT Encoding   

  12  0:01  SCV  
  13  0:13  SCV  
  14  0:19  Supply Depot  
  14  0:25  SCV  
  15  0:31  Refinery  
  15  0:40  SCV  
  16  0:49  Barracks  
  16  0:53  SCV  
  17  1:05  SCV  
  18  1:17  SCV  
  19  1:35  SCV  
  20  1:51  Reaper  
  20  1:53  Supply Depot  
  22  1:54  Orbital Command  
  21  2:06  Command Center  
  20  2:17  Factory  
  20  2:20  SCV  
  21  2:24  Reaper  
  22  2:32  SCV  
  24  2:44  SCV  
  24  2:49  Refinery  
  24  2:56  SCV  
  25  3:00  Refinery  
  25  3:08  SCV  
  28  3:20  SCV  
  28  3:21  Orbital Command  
  28  3:25  Factory Tech Lab, Starport  
  27  3:29  Supply Depot  
  27  3:32  SCV  
  29  3:43  Barracks Reactor  
  29  3:45  SCV  
  29  3:58  SCV  
  29  4:01  Medivac  
  32  4:03  Siege Tank  
  32  4:07  SCV  
  32  4:08  Command Center  
  36  4:10  SCV  
  36  4:16  Supply Depot  
  37  4:19  SCV  
  37  4:20  Engineering Bay  
  37  4:22  SCV  
  39  4:24  Marine  
  39  4:25  Marine  
  41  4:31  SCV  
  41  4:33  Starport Tech Lab  
  41  4:37  Siege Tank  
  45  4:43  Marine x2  
  47  4:51  Missile Turret  
  47  4:55  SCV x2, Missile Turret  
  47  4:57  Banshee  
  47  4:58  Cloaking Field  
  52  5:07  SCV  
  52  5:09  Siege Tank  
  52  5:11  SCV  
  52  5:12  Refinery  
  57  5:14  Marine  
  51  5:40  Orbital Command  
  48  5:49  Banshee  
  45  5:50  Siege Tank  
  42  6:14  Marine  
  42  6:15  Marine  
  36  6:21  Orbital Command  
  36  6:22  SCV  
  33  6:27  Siege Tank  
  33  6:32  Marine  
  36  6:33  Marine  
  36  6:39  Banshee  
  41  6:49  SCV  
  41  6:50  Marine  
  41  6:54  Command Center  
  43  6:59  Siege Tank  
  43  7:00  SCV x2  
  48  7:02  SCV  
  49  7:12  SCV x2  
  51  7:17  Factory  
  51  7:22  SCV  
  52  7:24  SCV x2  
  54  7:41  SCV  
  54  7:42  Siege Tank  
  54  7:43  SCV x2, Factory  
  60  7:46  Viking x2  
  64  7:53  SCV, Missile Turret  
  64  7:55  SCV x2  
  64  7:56  Missile Turret  
  67  8:03  Factory Reactor  
  67  8:05  SCV, Missile Turret  
  68  8:07  SCV  
  68  8:08  Missile Turret  
  68  8:11  Orbital Command  
  69  8:15  SCV  
  69  8:17  SCV  
  74  8:23  SCV  
  75  8:27  SCV  
  75  8:29  SCV  
Show
View Real Time Build Order
Export as new Build Order

Spyre Terran - Winner!

Build Orders: Reaper Expand, MMM Bio 

Get SALT Encoding   

  12  0:00  SCV  
  13  0:13  SCV  
  14  0:20  Supply Depot  
  14  0:25  SCV  
  15  0:39  Refinery  
  15  0:42  Barracks  
  15  0:46  SCV  
  16  0:58  SCV  
  17  1:10  SCV  
  18  1:34  Orbital Command  
  18  1:35  Reaper  
  19  1:52  Command Center  
  19  2:00  SCV  
  19  2:08  Supply Depot  
  19  2:14  Barracks Reactor  
  19  2:16  SCV  
  20  2:23  Factory, Refinery  
  20  2:28  SCV  
  21  2:40  SCV  
  22  2:52  SCV, Marine x2  
  25  3:04  SCV  
  26  3:06  Hellion  
  26  3:10  Marine x2  
  30  3:16  SCV  
  30  3:18  Starport  
  30  3:19  Orbital Command  
  31  3:28  SCV, Hellion  
  31  3:34  Marine  
  34  3:35  Marine  
  34  3:40  SCV  
  37  3:45  SCV  
  38  3:51  Engineering Bay  
  38  3:53  SCV  
  38  3:54  Factory Tech Lab  
  39  4:06  Barracks Tech Lab, Medivac x2  
  39  4:07  SCV x2  
  45  4:19  SCV  
  45  4:22  Supply Depot  
  46  4:27  Stimpack  
  46  4:30  Missile Turret  
  46  4:33  Missile Turret  
  46  4:43  Marine  
  46  4:44  SCV x2, Cyclone  
  52  4:49  Terran Infantry Weapons Level 1, Barracks  
  52  4:53  Refinery  
  52  4:56  SCV  
  53  5:04  SCV, Barracks  
  54  5:07  Missile Turret  
  54  5:13  Supply Depot  
  54  5:14  Viking  
  54  5:18  SCV  
  54  5:19  SCV  
  50  5:36  Marine x2  
  50  5:39  SCV  
  51  5:54  Marine x2  
  51  5:55  Marine  
  50  6:12  Marauder  
  50  6:14  SCV  
  50  6:17  Command Center  
  53  6:23  SCV  
  53  6:27  Barracks Reactor  
  53  6:28  Barracks Reactor  
  53  6:30  SCV  
  52  6:33  Marine  
  52  6:34  Siege Tank  
  56  6:40  SCV  
  56  6:41  Engineering Bay  
  56  6:42  SCV  
  56  6:43  Terran Infantry Armor Level 1  
  56  6:44  Refinery  
  58  6:51  Marine  
  58  6:52  SCV  
  60  6:55  SCV  
  60  6:56  Bunker  
  60  6:57  Medivac  
  60  6:58  Medivac  
  65  7:02  Supply Depot x2  
  65  7:05  SCV  
  65  7:08  SCV  
  67  7:14  Armory  
  67  7:17  SCV, Marine x2  
  70  7:23  Marine x3  
  70  7:27  Combat Shields  
  70  7:29  Orbital Command  
  73  7:30  SCV x2  
  75  7:38  Marine  
  75  7:39  Marine  
  75  7:41  Marine x2  
  75  7:42  SCV  
  75  7:43  SCV  
  81  7:54  SCV  
  81  7:55  SCV  
  81  7:58  Siege Tank  
  86  8:03  Barracks  
  86  8:05  Factory  
  86  8:06  SCV, Refinery  
  86  8:07  SCV x2  
  86  8:08  Refinery  
  86  8:10  Marine x2  
  91  8:15  Supply Depot  
  91  8:16  Supply Depot  
  91  8:21  SCV  
  91  8:25  Missile Turret  
  91  8:26  Missile Turret  
  92  8:27  Missile Turret  
  92  8:29  SCV, Missile Turret, Marine x3  
Tags
 
Add a new tag
Caveats
  • Supply blocks, unpowered buildings, or Contaminate may cause inaccurate times.
  • Supply counts are checked every 10 seconds.